 Dungeon Sprint DCSS version 0.18-a0-1171-ga8e22e7 (webtiles) character file.

10900000 namelastname112 the Conqueror (level 27, 0/249 HPs)
             Began as a Demonspawn Monk on Jan 26, 2016.
             Was the Champion of Makhleb.
             Killed from afar by a large bag of meat (24 damage)
             ... with an exploding inner flame
             ... in the Dungeon (Sprint VIII: "Arena of Blood").
             The game lasted 00:03:08 (109 turns).

namelastname112 the Conqueror (Demonspawn Monk)      Turns: 109, Time: 00:03:08

Health: 0/249      AC:  4    Str: 13    XL:     27
Magic:  0/54       EV: 40    Int: 12    God:    Makhleb [******]
Gold:   0          SH:  0    Dex: 27    Spells: 0 memorised, 80 levels left

rFire  + . .     SeeInvis +     i - +∞ Axe of Woe
rCold  . . .     Gourm    .     a - +0 robe
rNeg   . . .     Faith    .     (shield currently unavailable)
rPois  .         Spirit   +     (helmet unavailable)
rElec  .         Dismiss  .     (no cloak)
rCorr  .         Reflect  .     (gloves unavailable)
SustAt .         Harm     .     (boots unavailable)
MR     ++...     NoTele   +     (no amulet)
Stlth  +++++++++.               (no ring)
                                (no ring)

@: very resistant to hostile enchantments, incredibly stealthy
A: antennae 3, claws 3, talons 3, demonic guardian 3, fire resistance 1, hurl
hellfire, magic shield, magic regeneration, magic link, flame cloud immunity
a: Hellfire, Minor Destruction, Lesser Servant of Makhleb, Major Destruction,
Greater Servant of Makhleb, Renounce Religion


You were in the Dungeon.
You worshipped Makhleb.
Makhleb was exalted by your worship.
You were not hungry.

You visited 1 branch

Inventory:

Hand Weapons
 i - the +∞ Axe of Woe (weapon)
   (You found it in the Dungeon)
Armour
 a - a +0 robe (worn)
Scrolls
 h - a scroll of blinking
Potions
 c - a potion of curing
 d - a potion of heal wounds
 e - a potion of haste
 f - 2 potions of magic
 g - a potion of berserk rage
Comestibles
 b - a bread ration


   Skills:
 O Level 27 Fighting
 O Level 27 Axes
 O Level 27 Throwing
 O Level 27 Armour
 O Level 27 Dodging
 O Level 27 Stealth
 O Level 27 Unarmed Combat
 O Level 27 Spellcasting
 O Level 27 Invocations


You had 80 spell levels left.
You didn't know any spells.

Dungeon Overview and Level Annotations

Branches:
Dungeon (1/1)

Altars:
Makhleb

Annotations:
D The Captor


Innate Abilities, Weirdness & Mutations

You have a pair of large antennae on your head (SInv).
You have claws for hands.
You have claws for feet.
A powerful demonic guardian rushes to your aid.
Your flesh is heat resistant.
You can hurl blasts of hellfire.
When hurt, damage is shared between your health and your magic reserves.
You regenerate magic rapidly.
When low on magic, you restore magic in place of health.
You are immune to clouds of flame.


Message History

The destroyer is engulfed in roaring flames.
The bag of meat moves out of view.
The tyrant casts a spell.
The tyrant seems to speed up.
The dread calls on the powers of darkness!
The bag of meat convulses!
The large bag of meat convulses!
The meat berserker convulses!
Your body is wracked with pain!
* * * LOW HITPOINT WARNING * * *
The bag of meat convulses! x3
The eight-headed meat hydra calls on the powers of darkness!
The eight-headed meat hydra convulses!
The large bag of meat convulses!
Your body is wracked with pain!
* * * LOW HITPOINT WARNING * * *
You hear a shout! x2
Unknown command.
You slash the large bag of meat!
You hew the large bag of meat savagely.
The large bag of meat explodes!
The fiery explosion engulfs the tyrant.
The fiery explosion engulfs you! You resist.
You die...

..o...O..o.
o{{.{{.{{o. { {
{{{{{{{{..{o{{
{#.{{{{{{#{{{ ..
{#.{{{{{{#
...###W{{{{@o###...
.......)###OxX......
#....%)L)@)oLXX.....
......#§§§§o#W......
......#_)V§_#.......
..{...#.§§oo#{{.{..#
#oo......_))){{.{...
.o......###)))......
W..###.%)x)))###{..
o { #.D))).)#{{ .
#..)){))#


You could see a tentacled monstrosity, 2 tyrants, an eight-headed meat hydra, a
destroyer, 2 large abominations, 2 dreads, a meat berserker (berserk), a small
abomination and 5 bags of meat.

Vanquished Creatures
  12 hell beasts (D)
  4 greater mummies (D)
  2 wraiths (D)
  Harold (D)
  10 vampire knights (D)
  34 ogres (D)
  4 liches (D)
  A hydra (D)
  46 orcs (D)
  2 phantoms (D)
  5 hill giants (D)
  8 skeletal warriors (D)
  5 large abominations (D)
  7 small abominations (D)
  9 crawling corpses (D)
150 creatures vanquished.

Vanquished Creatures (others)
  2 orcs (D)
  4 crawling corpses (D)
6 creatures vanquished.

Grand Total: 156 creatures vanquished

Notes
Turn   | Place    | Note
--------------------------------------------------------------
     0 | D        | namelastname112 the Demonspawn Monk began the quest for the Orb.
     0 | D        | Reached XP level 1. HP: 18/18 MP: 1/1
     4 | D        | Became a worshipper of Makhleb the Destroyer
     4 | D        | Reached * piety under Makhleb
     4 | D        | Reached ** piety under Makhleb
     5 | D        | Noticed a bag of meat
     5 | D        | Noticed a meat berserker
     5 | D        | Noticed a bag of meat
     5 | D        | Noticed a bag of meat
     7 | D        | Noticed a bag of meat
     8 | D        | Killed a meat berserker
     8 | D        | Reached skill level 15 in Fighting
     8 | D        | Reached skill level 15 in Stealth
     8 | D        | Gained mutation: When hurt, damage is shared between your health and your magic reserves. [demonic ancestry]
     8 | D        | Reached XP level 2. HP: 21/44 MP: 2/2
     8 | D        | Gained mutation: You have sharp toenails. [demonic ancestry]
     8 | D        | Reached XP level 3. HP: 23/50 MP: 3/3
     8 | D        | Reached XP level 4. HP: 26/57 MP: 4/4
     8 | D        | Gained mutation: You have razor-sharp toenails. [demonic ancestry]
     8 | D        | Reached XP level 5. HP: 28/63 MP: 5/5
     8 | D        | Reached XP level 6. HP: 31/70 MP: 6/6
     8 | D        | Gained mutation: A weak demonic guardian rushes to your aid. [demonic ancestry]
     8 | D        | Reached XP level 7. HP: 33/76 MP: 7/7
     8 | D        | Gained mutation: You regenerate magic rapidly. [demonic ancestry]
     8 | D        | Reached XP level 8. HP: 36/83 MP: 8/8
     8 | D        | Gained mutation: You have sharp fingernails. [demonic ancestry]
     8 | D        | Reached XP level 9. HP: 38/89 MP: 9/9
     8 | D        | Gained mutation: You have very sharp fingernails. [demonic ancestry]
     8 | D        | Reached XP level 10. HP: 41/97 MP: 10/10
     8 | D        | Gained mutation: You have claws for hands. [demonic ancestry]
     8 | D        | Reached XP level 11. HP: 43/103 MP: 11/11
     8 | D        | Gained mutation: You have a pair of small antennae on your head. [demonic ancestry]
     8 | D        | Reached XP level 12. HP: 45/110 MP: 12/12
     8 | D        | Gained mutation: You have claws for feet. [demonic ancestry]
     8 | D        | Reached XP level 13. HP: 47/116 MP: 13/13
     9 | D        | Noticed a meat berserker
     9 | D        | Noticed a meat berserker
     9 | D        | Noticed a bag of meat
     9 | D        | Noticed a bag of meat
    10 | D        | Noticed a bag of meat
    10 | D        | Noticed a bag of meat
    10 | D        | Noticed a bag of meat
    10 | D        | Noticed a bag of meat
    10 | D        | Noticed a bag of meat
    11 | D        | Noticed a bag of meat
    12 | D        | Killed a bag of meat
    12 | D        | Reached skill level 16 in Fighting
    12 | D        | Reached skill level 15 in Axes
    12 | D        | Reached skill level 15 in Dodging
    12 | D        | Reached skill level 15 in Unarmed Combat
    13 | D        | Killed a meat berserker
    13 | D        | Reached *** piety under Makhleb
    13 | D        | Reached skill level 18 in Fighting
    13 | D        | Gained mutation: You have a pair of antennae on your head. [demonic ancestry]
    13 | D        | Reached XP level 14. HP: 43/131 MP: 6/14
    13 | D        | Killed a bag of meat
    13 | D        | Reached skill level 19 in Fighting
    13 | D        | Gained mutation: You have a pair of large antennae on your head (SInv). [demonic ancestry]
    13 | D        | Reached XP level 15. HP: 95/139 MP: 6/15
    13 | D        | Reached **** piety under Makhleb
    13 | D        | Reached skill level 20 in Fighting
    14 | D        | Reached skill level 21 in Fighting
    14 | D        | Gained mutation: Your flesh is heat resistant. [demonic ancestry]
    14 | D        | Reached XP level 16. HP: 97/152 MP: 3/16
    14 | D        | Killed a meat berserker
    14 | D        | Reached skill level 22 in Fighting
    14 | D        | Reached ***** piety under Makhleb
    14 | D        | Reached skill level 23 in Fighting
    14 | D        | Gained mutation: When low on magic, you restore magic in place of health. [demonic ancestry]
    14 | D        | Reached XP level 17. HP: 162/164 MP: 3/17
    14 | D        | Reached skill level 24 in Fighting
    15 | D        | Noticed a meat berserker
    15 | D        | Noticed a meat berserker
    15 | D        | Reached skill level 25 in Fighting
    15 | D        | Gained mutation: You are immune to clouds of flame. [demonic ancestry]
    15 | D        | Reached XP level 18. HP: 177/177 MP: 3/18
    16 | D        | Reached ****** piety under Makhleb
    16 | D        | Reached skill level 26 in Fighting
    17 | D        | Noticed a meat berserker
    19 | D        | Noticed a meat berserker
    19 | D        | Killed a meat berserker
    19 | D        | Reached skill level 27 in Fighting
    19 | D        | Reached skill level 27 in Stealth
    19 | D        | Reached XP level 19. HP: 186/189 MP: 5/19
    20 | D        | Noticed a large bag of meat
    20 | D        | Noticed a meat berserker
    20 | D        | Killed a meat berserker
    20 | D        | Reached skill level 27 in Axes
    20 | D        | Reached skill level 27 in Dodging
    20 | D        | Reached skill level 27 in Unarmed Combat
    20 | D        | Killed a meat berserker
    21 | D        | Gained mutation: You can hurl blasts of hellfire. [demonic ancestry]
    21 | D        | Reached XP level 20. HP: 197/197 MP: 7/37
    22 | D        | Noticed a destroyer
    22 | D        | Reached skill level 15 in Throwing
    22 | D        | Reached skill level 15 in Armour
    22 | D        | Reached skill level 15 in Spellcasting
    23 | D        | Noticed a destroyer
    24 | D        | Killed a meat berserker
    25 | D        | Killed a meat berserker
    25 | D        | Reached XP level 21. HP: 204/204 MP: 7/44
    26 | D        | Killed a destroyer
    26 | D        | Reached skill level 27 in Invocations
    27 | D        | Noticed a destroyer
    27 | D        | Killed a destroyer
    28 | D        | Noticed a destroyer
    28 | D        | Killed a destroyer
    28 | D        | Gained mutation: A demonic guardian rushes to your aid. [demonic ancestry]
    28 | D        | Reached XP level 22. HP: 212/212 MP: 9/52
    29 | D        | Noticed a destroyer
    30 | D        | Noticed The Servant
    30 | D        | Killed a destroyer
    30 | D        | Reached skill level 27 in Throwing
    30 | D        | Reached skill level 27 in Armour
    30 | D        | Reached skill level 27 in Spellcasting
    32 | D        | Noticed a destroyer
    33 | D        | Gained mutation: A powerful demonic guardian rushes to your aid. [demonic ancestry]
    33 | D        | Reached XP level 23. HP: 219/219 MP: 14/54
    33 | D        | Killed a destroyer
    34 | D        | Noticed a destroyer
    35 | D        | Killed a destroyer
    35 | D        | Reached XP level 24. HP: 227/227 MP: 11/54
    39 | D        | Killed The Servant
    44 | D        | Reached XP level 25. HP: 206/234 MP: 2/54
    48 | D        | Noticed a tyrant
    55 | D        | Reached XP level 26. HP: 242/242 MP: 8/54
    56 | D        | Killed a destroyer
    58 | D        | Noticed an accursed
    59 | D        | Killed a tyrant
    59 | D        | Reached XP level 27. HP: 249/249 MP: 10/54
    64 | D        | Killed an accursed
    65 | D        | Noticed a meat beast
    68 | D        | Noticed a meat beast
    69 | D        | Noticed an accursed
    69 | D        | Killed a meat beast
    71 | D        | Noticed an accursed
    73 | D        | Killed an accursed
    76 | D        | Noticed a meat beast
    77 | D        | Noticed a tyrant
    77 | D        | Noticed a dread
    77 | D        | Noticed a destroyer
    77 | D        | Noticed a meat beast
    78 | D        | Noticed a tyrant
    78 | D        | Killed a meat beast
    78 | D        | Killed a meat beast
    80 | D        | Noticed a dread
    81 | D        | Noticed a meat beast
    84 | D        | Noticed a meat beast
    85 | D        | Noticed a meat beast
    85 | D        | Noticed a meat beast
    85 | D        | Killed a meat beast
    85 | D        | Killed a meat beast
    86 | D        | Noticed an accursed
    87 | D        | Noticed a destroyer
    88 | D        | Noticed a meat beast
    88 | D        | Killed a destroyer
    90 | D        | Noticed a tyrant
    90 | D        | Noticed a meat beast
    90 | D        | Noticed a meat beast
    92 | D        | Noticed a destroyer
    92 | D        | Noticed The Captor
    92 | D        | Killed a meat beast
    93 | D        | Noticed a tyrant
    93 | D        | Killed a destroyer
    94 | D        | Killed a tyrant
    94 | D        | Killed a meat beast
    94 | D        | Killed a meat beast
    95 | D        | Killed an accursed
    95 | D        | Killed a meat beast
    96 | D        | Killed a destroyer
    96 | D        | Killed a meat beast
    98 | D        | Killed a tyrant
    99 | D        | Noticed a meat beast
    99 | D        | Killed a dread
   100 | D        | Killed a dread
   101 | D        | Noticed a dread
   102 | D        | Noticed a dread
   102 | D        | Killed a meat beast
   103 | D        | Killed a tyrant
   103 | D        | Killed a meat beast
   103 | D        | Killed an accursed
   104 | D        | Noticed a tyrant
   106 | D        | Noticed a destroyer
   109 | D        | Killed from afar by a large bag of meat

Vault maps used:
D:        meatsprint

Action                   |  1- 3 |  4- 6 |  7- 9 | 10-12 | 13-15 | 16-18 | 19-21 | 22-24 | 25-27 || total
-------------------------+-------+-------+-------+-------+-------+-------+-------+-------+-------++-------
Melee: Executioner's axe |     1 |       |       |       |     3 |     4 |     8 |     9 |    53 ||    78
 Stab: Distracted        |       |       |       |       |       |       |       |     1 |       ||     1
